2452 views
Uploaded 2022-03-25 21:19:03
Game version 1.32.10
68:20 long 1on1on1on1 ladder game on (8)TwilightRuins_LV
Saved by ǢƂŎ
2452 views
Uploaded 2022-03-25 21:19:03
Game version 1.32.10
68:20 long 1on1on1on1 ladder game on (8)TwilightRuins_LV

103 units @ 14.8k
/ 2.3k
78 buildings @ 7.4k
/ 4.3k



| Scroll of Regeneration | 14 | 1400 |
| Lesser Clarity Potion | 11 | 770 |
| Potion of Mana | 4 | 800 |
| Potion of Healing | 2 | 300 |
| Staff of Sanctuary | 3 | 750 |
| Scroll of Town Portal | 17 | 5950 |
| Scroll of Healing | 2 | 500 |
| Boots of Speed | 3 | 750 |
| Potion of Lesser Invulnerability | 2 | 300 |
| total: | 58 | 11520g |
| Peasant | 44 | 3300 | / | 0 |
| Footman | 9 | 1215 | / | 0 |
| Rifleman | 8 | 1640 | / | 240 |
| Priest | 3 | 405 | / | 30 |
| Sorceress | 3 | 465 | / | 60 |
| Spell Breaker | 7 | 1505 | / | 210 |
| Siege Engine | 10 | 1950 | / | 600 |
| Mortar Team | 2 | 360 | / | 140 |
| Flying Machine | 5 | 500 | / | 150 |
| Gryphon Rider | 8 | 2240 | / | 560 |
| Goblin Shredder | 2 | 750 | / | 200 |
| Goblin Sapper | 1 | 215 | / | 100 |
| Mur'gul Snarecaster | 1 | 215 | / | 20 |
| total: | 103 | 14760g | / | 2310w |
| Scout Tower | 36 | 1080 | / | 720 |
| Arcane Tower | 2 | 140 | / | 100 |
| Guard Tower | 7 | 490 | / | 350 |
| Farm | 18 | 1440 | / | 360 |
| Altar of Kings | 2 | 360 | / | 100 |
| Barracks | 1 | 160 | / | 60 |
| Arcane Vault | 1 | 130 | / | 30 |
| Lumber Mill | 1 | 120 | / | 0 |
| Town Hall | 6 | 2310 | / | 1230 |
| Blacksmith | 1 | 140 | / | 60 |
| Cannon Tower | 2 | 240 | / | 200 |
| Arcane Sanctum | 2 | 300 | / | 280 |
| Workshop | 6 | 840 | / | 840 |
| Gryphon Aviary | 4 | 560 | / | 600 |
| Keep | 1 | 320 | / | 210 |
| Castle | 1 | 360 | / | 210 |
| total: | 78 | 7440g | / | 4280w |
| 0:02 | Peasant |
| 0:02 | Peasant |
| 0:06 | Farm |
| 0:07 | Altar of Kings |
| 0:18 | Barracks |
| 0:33 | Farm |
| 0:35 | Peasant |
| 0:47 | Peasant |
| 0:57 | Peasant |
| 1:14 | Peasant |
| 1:21 | Footman |
| 1:33 | Farm |
| 1:36 | Peasant |
| 1:40 | Footman |
| 1:52 | Scout Tower |
| 1:54 | Peasant |
| 2:04 | Footman |
| 2:10 | Blizzard |
| 2:18 | Peasant |
| 2:32 | Footman |
| 2:41 | Arcane Vault |
| 2:54 | Farm |
| 3:08 | Footman |
| 3:22 | Peasant |
| 3:27 | Brilliance Aura |
| 3:41 | Peasant |
| 3:53 | Scroll of Regeneration |
| 3:59 | Scroll of Regeneration |
| 4:00 | Lesser Clarity Potion |
| 4:00 | Lesser Clarity Potion |
| 4:10 | Lumber Mill |
| 4:46 | Town Hall |
| 4:50 | Scout Tower |
| 4:57 | Footman |
| 4:58 | Peasant |
| 5:07 | Arcane Tower |
| 5:08 | Blizzard |
| 5:18 | Improved Masonry |
| 5:20 | Footman |
| 5:31 | Scout Tower |
| 6:30 | Arcane Tower |
| 6:43 | Keep |
| 7:11 | Guard Tower |
| 7:16 | Lesser Clarity Potion |
| 7:16 | Scroll of Regeneration |
| 7:19 | Scroll of Regeneration |
| 7:32 | Scout Tower |
| 7:33 | Scout Tower |
| 7:43 | Blacksmith |
| 7:59 | Footman |
| 8:00 | Footman |
| 8:15 | Brilliance Aura |
| 8:20 | Guard Tower |
| 8:23 | Guard Tower |
| 8:40 | Mur'gul Snarecaster |
| 9:46 | Arcane Sanctum |
| 9:47 | Arcane Sanctum |
| 10:15 | Rifleman |
| 10:17 | Farm |
| 10:52 | Rifleman |
| 11:15 | Priest |
| 11:15 | Sorceress |
| 11:23 | Peasant |
| 11:25 | Improved Lumber Harvesting |
| 11:27 | Peasant |
| 11:27 | Peasant |
| 11:27 | Peasant |
| 11:30 | Rifleman |
| 11:40 | Potion of Mana |
| 11:42 | Scroll of Regeneration |
| 11:43 | Lesser Clarity Potion |
| 11:54 | Scout Tower |
| 11:55 | Peasant |
| 12:02 | Rifleman |
| 12:19 | Spell Breaker |
| 12:22 | Peasant |
| 12:24 | Farm |
| 12:36 | Rifleman |
| 12:53 | Farm |
| 12:54 | Peasant |
| 13:06 | Boots of Speed |
| 13:13 | Spell Breaker |
| 13:15 | Rifleman |
| 13:16 | Lesser Clarity Potion |
| 13:17 | Lesser Clarity Potion |
| 13:17 | Scroll of Regeneration |
| 13:17 | Scroll of Regeneration |
| 13:18 | Scroll of Town Portal |
| 13:19 | Potion of Healing |
| 13:24 | Farm |
| 13:27 | Flame Strike |
| 13:30 | Farm |
| 13:31 | Goblin Shredder |
| 13:39 | Sorceress Adept Training |
| 13:40 | Priest Adept Training |
| 13:50 | Rifleman |
| 14:15 | Spell Breaker |
| 14:17 | Castle |
| 14:19 | Rifleman |
| 14:32 | Sorceress |
| 14:34 | Long Rifles |
| 14:35 | Iron Plating |
| 14:49 | Farm |
| 15:19 | Control Magic |
| 15:55 | Blizzard |
| 16:03 | Workshop |
| 16:05 | Workshop |
| 16:07 | Steel Plating |
| 16:18 | Priest |
| 16:40 | Town Hall |
| 16:43 | Scout Tower |
| 16:43 | Scout Tower |
| 16:44 | Scout Tower |
| 16:44 | Scout Tower |
| 16:49 | Scout Tower |
| 17:09 | Goblin Sapper |
| 17:20 | Guard Tower |
| 17:21 | Scout Tower |
| 17:22 | Scout Tower |
| 17:24 | Scout Tower |
| 17:25 | Scout Tower |
| 17:27 | Siphon Mana |
| 17:50 | Siege Engine |
| 17:51 | Barrage |
| 17:53 | Workshop |
| 17:55 | Workshop |
| 18:14 | Cannon Tower |
| 18:38 | Mithril Plating |
| 19:06 | Farm |
| 19:07 | Farm |
| 19:59 | Siege Engine |
| 20:05 | Workshop |
| 20:08 | Workshop |
| 21:18 | Lesser Clarity Potion |
| 21:30 | Siege Engine |
| 21:31 | Farm |
| 21:32 | Potion of Mana |
| 21:34 | Scroll of Town Portal |
| 22:01 | Advanced Masonry |
| 22:12 | Scout Tower |
| 22:12 | Scout Tower |
| 22:13 | Scout Tower |
| 22:13 | Scout Tower |
| 22:15 | Peasant |
| 22:15 | Peasant |
| 22:19 | Farm |
| 22:47 | Guard Tower |
| 23:02 | Scroll of Town Portal |
| 23:08 | Sorceress Master Training |
| 23:08 | Priest Master Training |
| 23:22 | Peasant |
| 23:22 | Peasant |
| 23:32 | Mortar Team |
| 24:26 | Town Hall |
| 26:08 | Sorceress |
| 26:08 | Priest |
| 26:08 | Spell Breaker |
| 26:57 | Siphon Mana |
| 27:35 | Mortar Team |
| 27:54 | Thunder Clap |
| 28:08 | Fragmentation Shards |
| 28:59 | Potion of Healing |
| 29:01 | Potion of Mana |
| 29:01 | Lesser Clarity Potion |
| 29:01 | Staff of Sanctuary |
| 29:02 | Scroll of Town Portal |
| 30:27 | Peasant |
| 30:27 | Peasant |
| 30:27 | Peasant |
| 30:36 | Spell Breaker |
| 30:43 | Goblin Shredder |
| 31:08 | Spell Breaker |
| 31:11 | Flying Machine |
| 31:33 | Lesser Clarity Potion |
| 31:47 | Peasant |
| 31:49 | Peasant |
| 31:58 | Peasant |
| 32:29 | Town Hall |
| 32:47 | Flying Machine |
| 32:59 | Spell Breaker |
| 33:05 | Scout Tower |
| 33:07 | Flak Cannons |
| 33:10 | Flying Machine |
| 33:16 | Farm |
| 33:18 | Farm |
| 33:39 | Guard Tower |
| 33:41 | Scout Tower |
| 34:14 | Guard Tower |
| 34:14 | Scout Tower |
| 34:15 | Scout Tower |
| 34:15 | Scout Tower |
| 34:15 | Scout Tower |
| 34:16 | Scout Tower |
| 34:16 | Scout Tower |
| 34:34 | Flying Machine |
| 35:02 | Flying Machine |
| 35:23 | Scroll of Regeneration |
| 35:23 | Scroll of Town Portal |
| 35:29 | Storm Bolt |
| 35:40 | Peasant |
| 35:40 | Peasant |
| 35:40 | Peasant |
| 35:40 | Peasant |
| 35:40 | Peasant |
| 36:14 | Siege Engine |
| 36:51 | Scout Tower |
| 36:51 | Scout Tower |
| 36:52 | Scout Tower |
| 37:12 | Scroll of Town Portal |
| 37:18 | Scout Tower |
| 37:18 | Scout Tower |
| 37:19 | Scout Tower |
| 37:19 | Scout Tower |
| 37:21 | Scout Tower |
| 37:27 | Siege Engine |
| 37:47 | Cannon Tower |
| 37:49 | Scout Tower |
| 38:51 | Siege Engine |
| 39:42 | Scroll of Regeneration |
| 39:45 | Staff of Sanctuary |
| 39:47 | Scroll of Town Portal |
| 40:07 | Peasant |
| 40:08 | Peasant |
| 40:08 | Peasant |
| 40:08 | Peasant |
| 41:00 | Town Hall |
| 41:19 | Boots of Speed |
| 41:21 | Boots of Speed |
| 41:21 | Potion of Lesser Invulnerability |
| 41:31 | Mass Teleport |
| 41:56 | Siege Engine |
| 42:35 | Peasant |
| 43:02 | Siege Engine |
| 43:07 | Scroll of Town Portal |
| 43:26 | Peasant |
| 43:26 | Peasant |
| 43:26 | Peasant |
| 43:29 | Peasant |
| 44:16 | Town Hall |
| 45:45 | Scroll of Healing |
| 45:45 | Scroll of Healing |
| 45:53 | Flame Strike |
| 46:23 | Scroll of Regeneration |
| 46:48 | Scroll of Town Portal |
| 46:48 | Scroll of Regeneration |
| 46:55 | Peasant |
| 47:26 | Altar of Kings |
| 47:28 | Imbued Masonry |
| 48:15 | Scroll of Town Portal |
| 49:29 | Lesser Clarity Potion |
| 49:33 | Scroll of Regeneration |
| 49:35 | Staff of Sanctuary |
| 49:52 | Siege Engine |
| 49:58 | Scroll of Town Portal |
| 50:12 | Black Gunpowder |
| 50:30 | Farm |
| 50:33 | Farm |
| 51:52 | Scroll of Town Portal |
| 51:53 | Scroll of Regeneration |
| 52:45 | Scroll of Regeneration |
| 52:56 | Siege Engine |
| 53:48 | Potion of Lesser Invulnerability |
| 53:50 | Scroll of Town Portal |
| 54:25 | Potion of Mana |
| 54:25 | Lesser Clarity Potion |
| 54:47 | Gryphon Aviary |
| 54:48 | Gryphon Aviary |
| 54:50 | Gryphon Aviary |
| 54:52 | Iron Forged Swords |
| 54:53 | Gryphon Aviary |
| 55:18 | Scroll of Town Portal |
| 55:20 | Scroll of Town Portal |
| 55:49 | Gryphon Rider |
| 56:33 | Gryphon Rider |
| 56:35 | Steel Forged Swords |
| 56:36 | Storm Hammers |
| 56:38 | Gryphon Rider |
| 57:17 | Gryphon Rider |
| 57:39 | Gryphon Rider |
| 58:10 | Studded Leather Armor |
| 59:00 | Scroll of Town Portal |
| 59:03 | Scroll of Town Portal |
| 59:54 | Gryphon Rider |
| 60:12 | Gryphon Rider |
| 60:31 | Gryphon Rider |
| 61:18 | Reinforced Leather Armor |
| Right click | 3910 |
| Select | 2070 |
| Select group | 1910 |
| Build/train/purchase | 304 |
| Misc. action | 219 |
| Use ability | 194 |
| Assign group | 115 |
| Chat | 95 |
| Item give/drop | 19 |
| Remove unit | 4 |
| Esc | 1 |
48 units @ 7.1k
/ 1.1k
43 buildings @ 4.8k
/ 2.2k



| Orb of Fire | 1 | 325 |
| Staff of Sanctuary | 1 | 250 |
| total: | 2 | 575g |
| Peasant | 23 | 1725 | / | 0 |
| Rifleman | 7 | 1435 | / | 210 |
| Spell Breaker | 5 | 1075 | / | 150 |
| Priest | 1 | 135 | / | 10 |
| Sorceress | 1 | 155 | / | 20 |
| Siege Engine | 8 | 1560 | / | 480 |
| Goblin Shredder | 2 | 750 | / | 200 |
| Goblin Zeppelin | 1 | 240 | / | 60 |
| total: | 48 | 7075g | / | 1130w |
| Scout Tower | 8 | 240 | / | 160 |
| Guard Tower | 2 | 140 | / | 100 |
| Arcane Tower | 1 | 70 | / | 50 |
| Altar of Kings | 3 | 540 | / | 150 |
| Blacksmith | 2 | 280 | / | 120 |
| Barracks | 2 | 320 | / | 120 |
| Farm | 17 | 1360 | / | 340 |
| Town Hall | 2 | 770 | / | 410 |
| Lumber Mill | 1 | 120 | / | 0 |
| Arcane Vault | 2 | 260 | / | 60 |
| Gryphon Aviary | 2 | 280 | / | 300 |
| Arcane Sanctum | 2 | 300 | / | 280 |
| Workshop | 2 | 280 | / | 280 |
| Keep | 2 | 640 | / | 420 |
| Castle | 2 | 720 | / | 420 |
| total: | 43 | 4750g | / | 2220w |
| 0:04 | Peasant |
| 0:04 | Peasant |
| 0:04 | Peasant |
| 0:04 | Peasant |
| 0:07 | Peasant |
| 0:46 | Altar of Kings |
| 0:49 | Blacksmith |
| 0:55 | Barracks |
| 1:06 | Farm |
| 1:09 | Peasant |
| 1:21 | Farm |
| 1:29 | Peasant |
| 1:49 | Peasant |
| 2:06 | Rifleman |
| 2:11 | Farm |
| 2:21 | Rifleman |
| 2:49 | Rifleman |
| 2:52 | Blizzard |
| 3:03 | Peasant |
| 3:03 | Peasant |
| 3:05 | Peasant |
| 3:55 | Peasant |
| 4:03 | Brilliance Aura |
| 4:27 | Town Hall |
| 4:32 | Peasant |
| 4:32 | Peasant |
| 4:41 | Farm |
| 5:02 | Keep |
| 5:09 | Lumber Mill |
| 5:26 | Farm |
| 5:34 | Rifleman |
| 5:44 | Black Gunpowder |
| 6:21 | Goblin Shredder |
| 6:34 | Peasant |
| 6:34 | Peasant |
| 6:34 | Peasant |
| 6:38 | Scout Tower |
| 6:39 | Scout Tower |
| 6:40 | Scout Tower |
| 6:41 | Scout Tower |
| 6:42 | Scout Tower |
| 6:43 | Scout Tower |
| 6:44 | Scout Tower |
| 6:45 | Scout Tower |
| 7:02 | Blizzard |
| 7:06 | Rifleman |
| 7:44 | Castle |
| 7:54 | Rifleman |
| 8:20 | Gryphon Aviary |
| 8:25 | Guard Tower |
| 8:40 | Storm Bolt |
| 8:51 | Gryphon Aviary |
| 9:10 | Rifleman |
| 9:14 | Guard Tower |
| 10:24 | Peasant |
| 10:25 | Peasant |
| 10:59 | Thunder Clap |
| 11:22 | Town Hall |
| 11:34 | Arcane Vault |
| 11:41 | Keep |
| 12:20 | Altar of Kings |
| 12:24 | Altar of Kings |
| 12:39 | Arcane Vault |
| 13:22 | Barracks |
| 13:52 | Blacksmith |
| 14:04 | Arcane Tower |
| 14:28 | Castle |
| 14:47 | Arcane Sanctum |
| 14:55 | Farm |
| 15:16 | Farm |
| 15:26 | Goblin Zeppelin |
| 16:09 | Spell Breaker |
| 16:09 | Spell Breaker |
| 16:25 | Workshop |
| 16:34 | Farm |
| 16:47 | Priest |
| 16:48 | Sorceress |
| 17:20 | Farm |
| 17:54 | Workshop |
| 17:59 | Farm |
| 18:01 | Siege Engine |
| 18:08 | Peasant |
| 18:08 | Peasant |
| 18:08 | Peasant |
| 18:08 | Peasant |
| 18:22 | Holy Light |
| 19:00 | Goblin Shredder |
| 19:14 | Farm |
| 19:46 | Barrage |
| 20:06 | Farm |
| 20:09 | Siege Engine |
| 20:28 | Iron Plating |
| 20:39 | Siege Engine |
| 20:55 | Orb of Fire |
| 20:55 | Staff of Sanctuary |
| 21:06 | Siege Engine |
| 21:17 | Refined Gunpowder |
| 21:24 | Farm |
| 21:51 | Steel Plating |
| 22:02 | Farm |
| 22:12 | Siege Engine |
| 22:45 | Farm |
| 22:52 | Siege Engine |
| 22:57 | Spell Breaker |
| 23:02 | Spell Breaker |
| 23:36 | Farm |
| 24:00 | Arcane Sanctum |
| 24:10 | Siege Engine |
| 24:16 | Farm |
| 24:33 | Mithril Plating |
| 25:05 | Spell Breaker |
| 25:34 | Siege Engine |
| 26:46 | Brilliance Aura |
| 26:56 | Storm Bolt |
| Select | 360 |
| Right click | 334 |
| Build/train/purchase | 90 |
| Chat | 84 |
| Use ability | 36 |
| Select group | 30 |
| Assign group | 16 |
| Misc. action | 5 |
| Remove unit | 4 |
| Esc | 3 |
| Item give/drop | 2 |
57 units @ 8.5k
/ 1.5k
170 buildings @ 22.1k
/ 13.7k



| Lesser Clarity Potion | 2 | 140 |
| Healing Salve | 3 | 300 |
| Scroll of Speed | 4 | 200 |
| Orb of Lightning | 2 | 750 |
| Tiny Great Hall | 2 | 1200 |
| Scroll of Town Portal | 29 | 10150 |
| Boots of Speed | 1 | 250 |
| Medallion of Courage | 1 | 500 |
| Claws of Attack +9 | 1 | 300 |
| total: | 45 | 13790g |
| Peon | 19 | 1425 | / | 0 |
| Troll Headhunter | 6 | 840 | / | 120 |
| Shaman | 5 | 650 | / | 100 |
| Troll Witch Doctor | 3 | 435 | / | 75 |
| Troll Berserker | 5 | 700 | / | 100 |
| Spirit Walker | 4 | 780 | / | 140 |
| Tauren | 4 | 1120 | / | 320 |
| Wind Rider | 1 | 265 | / | 40 |
| Troll Batrider | 5 | 800 | / | 200 |
| Goblin Shredder | 2 | 750 | / | 200 |
| Goblin Zeppelin | 3 | 720 | / | 180 |
| total: | 57 | 8485g | / | 1475w |
| Watch Tower | 131 | 14410 | / | 10480 |
| Orc Burrow | 9 | 1440 | / | 360 |
| Altar of Storms | 2 | 360 | / | 100 |
| War Mill | 1 | 205 | / | 0 |
| Barracks | 7 | 1260 | / | 350 |
| Voodoo Lounge | 7 | 910 | / | 210 |
| Great Hall | 7 | 2695 | / | 1295 |
| Spirit Lodge | 2 | 300 | / | 300 |
| Tauren Totem | 2 | 270 | / | 310 |
| Beastiary | 2 | 290 | / | 280 |
| Stronghold | 4 | 1260 | / | 760 |
| Fortress | 2 | 650 | / | 380 |
| total: | 170 | 22140g | / | 13685w |
| 0:01 | Peon |
| 0:02 | Peon |
| 0:17 | Orc Burrow |
| 0:23 | Peon |
| 0:32 | Altar of Storms |
| 0:41 | Peon |
| 0:48 | War Mill |
| 0:56 | Peon |
| 1:04 | Barracks |
| 1:12 | Peon |
| 1:23 | Peon |
| 1:39 | Peon |
| 1:44 | Orc Burrow |
| 2:07 | Troll Headhunter |
| 2:21 | Troll Headhunter |
| 2:27 | Voodoo Lounge |
| 2:31 | Mirror Image |
| 2:40 | Troll Headhunter |
| 3:09 | Stronghold |
| 3:22 | Troll Headhunter |
| 4:09 | Great Hall |
| 4:17 | Critical Strike |
| 4:26 | Troll Headhunter |
| 4:27 | Orc Burrow |
| 4:44 | Troll Headhunter |
| 4:56 | Lesser Clarity Potion |
| 4:56 | Healing Salve |
| 4:59 | Healing Salve |
| 5:29 | Goblin Shredder |
| 5:44 | Mirror Image |
| 6:05 | Fortress |
| 6:24 | Troll Regeneration |
| 6:40 | Hex |
| 6:49 | Healing Salve |
| 6:49 | Scroll of Speed |
| 6:49 | Lesser Clarity Potion |
| 6:53 | Peon |
| 7:05 | Spirit Lodge |
| 7:09 | Spirit Lodge |
| 7:21 | Critical Strike |
| 7:44 | Healing Wave |
| 7:47 | Great Hall |
| 7:54 | Barracks |
| 8:27 | Shaman Adept Training |
| 8:28 | Shaman |
| 8:44 | Steel Ranged Weapons |
| 8:44 | Steel Armor |
| 9:04 | Berserker Upgrade |
| 9:16 | Healing Wave |
| 9:25 | Thorium Armor |
| 9:31 | Orc Burrow |
| 9:32 | Orc Burrow |
| 9:37 | War Stomp |
| 9:40 | Orb of Lightning |
| 9:41 | Scroll of Speed |
| 10:05 | Shaman Master Training |
| 10:05 | Witch Doctor Adept Training |
| 10:08 | Orc Burrow |
| 10:10 | Orc Burrow |
| 10:23 | Peon |
| 10:23 | Peon |
| 10:29 | Thorium Ranged Weapons |
| 10:47 | Critical Strike |
| 11:16 | Peon |
| 11:16 | Peon |
| 11:17 | Peon |
| 11:20 | Orc Burrow |
| 11:24 | Endurance Aura |
| 11:34 | Witch Doctor Master Training |
| 11:37 | Watch Tower |
| 12:13 | Goblin Shredder |
| 12:13 | Goblin Zeppelin |
| 12:32 | Troll Witch Doctor |
| 12:33 | Shaman |
| 12:35 | Hex |
| 12:37 | Tauren Totem |
| 12:40 | Voodoo Lounge |
| 12:43 | Watch Tower |
| 12:53 | Watch Tower |
| 13:03 | Orc Burrow |
| 13:30 | Arcanite Armor |
| 13:39 | War Stomp |
| 14:05 | Medallion of Courage |
| 14:20 | Claws of Attack +9 |
| 14:23 | Watch Tower |
| 14:23 | Watch Tower |
| 14:24 | Watch Tower |
| 14:24 | Watch Tower |
| 14:24 | Watch Tower |
| 14:28 | Voodoo Lounge |
| 14:33 | Watch Tower |
| 14:34 | Watch Tower |
| 14:35 | Watch Tower |
| 14:39 | Watch Tower |
| 14:41 | Watch Tower |
| 14:53 | Watch Tower |
| 14:54 | Watch Tower |
| 14:54 | Watch Tower |
| 14:57 | Watch Tower |
| 15:14 | Troll Witch Doctor |
| 15:16 | Tauren Totem |
| 15:25 | Watch Tower |
| 16:16 | Scroll of Town Portal |
| 16:57 | Watch Tower |
| 16:58 | Watch Tower |
| 17:02 | Reinforced Defenses |
| 17:03 | Arcanite Ranged Weapons |
| 17:27 | Orb of Lightning |
| 17:30 | Scroll of Town Portal |
| 17:41 | Great Hall |
| 17:42 | Watch Tower |
| 17:42 | Watch Tower |
| 17:42 | Watch Tower |
| 17:42 | Watch Tower |
| 17:43 | Watch Tower |
| 18:04 | Goblin Zeppelin |
| 18:21 | Watch Tower |
| 18:22 | Watch Tower |
| 18:23 | Watch Tower |
| 18:23 | Watch Tower |
| 18:24 | Watch Tower |
| 18:25 | Watch Tower |
| 18:48 | Spirit Walker Adept Training |
| 18:48 | Pulverize |
| 20:00 | Watch Tower |
| 20:00 | Watch Tower |
| 20:02 | Watch Tower |
| 20:02 | Watch Tower |
| 20:03 | Watch Tower |
| 20:04 | Endurance Aura |
| 20:05 | Healing Wave |
| 20:23 | Troll Berserker |
| 20:25 | Spirit Walker Master Training |
| 20:25 | Spirit Walker |
| 20:25 | Tauren |
| 21:31 | Bladestorm |
| 22:05 | Beastiary |
| 22:06 | Beastiary |
| 22:08 | Spiked Barricades |
| 22:08 | Steel Melee Weapons |
| 22:32 | Troll Berserker |
| 23:08 | Watch Tower |
| 23:08 | Watch Tower |
| 23:08 | Watch Tower |
| 23:10 | Watch Tower |
| 23:11 | Voodoo Lounge |
| 23:12 | Peon |
| 23:15 | Scroll of Town Portal |
| 23:34 | Improved Spiked Barricades |
| 23:36 | War Drums Damage Increase |
| 23:37 | Ensnare |
| 23:39 | Liquid Fire |
| 24:29 | Tauren |
| 24:32 | Troll Berserker |
| 24:45 | Burning Oil |
| 24:49 | Scroll of Town Portal |
| 24:59 | Spirit Walker |
| 26:06 | Big Bad Voodoo |
| 26:32 | War Stomp |
| 26:43 | Thorium Melee Weapons |
| 26:56 | Watch Tower |
| 26:56 | Watch Tower |
| 27:00 | Watch Tower |
| 27:00 | Watch Tower |
| 27:01 | Watch Tower |
| 27:01 | Watch Tower |
| 27:01 | Watch Tower |
| 27:02 | Watch Tower |
| 28:56 | Mirror Image |
| 29:33 | Watch Tower |
| 29:34 | Watch Tower |
| 29:34 | Watch Tower |
| 29:34 | Watch Tower |
| 29:35 | Watch Tower |
| 30:31 | Altar of Storms |
| 30:32 | Troll Berserker |
| 30:35 | Spirit Walker |
| 30:35 | Tauren |
| 30:36 | Wind Rider |
| 30:59 | Shaman |
| 30:59 | Troll Witch Doctor |
| 31:01 | Reincarnation |
| 31:23 | Scroll of Town Portal |
| 31:37 | Arcanite Melee Weapons |
| 32:39 | Goblin Zeppelin |
| 33:11 | Scroll of Town Portal |
| 33:12 | Scroll of Town Portal |
| 33:13 | Scroll of Speed |
| 33:28 | Watch Tower |
| 33:28 | Watch Tower |
| 34:54 | Watch Tower |
| 34:55 | Watch Tower |
| 34:55 | Watch Tower |
| 34:56 | Watch Tower |
| 34:56 | Watch Tower |
| 34:57 | Watch Tower |
| 35:28 | Watch Tower |
| 35:28 | Watch Tower |
| 35:29 | Barracks |
| 36:04 | Troll Batrider |
| 36:04 | Troll Batrider |
| 36:05 | Envenomed Spears |
| 36:33 | Wind Walk |
| 37:10 | Troll Batrider |
| 37:11 | Troll Batrider |
| 37:39 | Troll Batrider |
| 38:56 | Endurance Aura |
| 38:57 | Hex |
| 39:21 | Barracks |
| 39:22 | Watch Tower |
| 39:22 | Watch Tower |
| 39:22 | Watch Tower |
| 40:54 | Scroll of Town Portal |
| 40:54 | Scroll of Town Portal |
| 42:21 | Scroll of Speed |
| 42:41 | Great Hall |
| 42:42 | Watch Tower |
| 42:42 | Watch Tower |
| 42:45 | Great Hall |
| 42:45 | Watch Tower |
| 42:46 | Watch Tower |
| 42:46 | Watch Tower |
| 42:46 | Watch Tower |
| 42:46 | Watch Tower |
| 42:47 | Watch Tower |
| 43:24 | Scroll of Town Portal |
| 43:25 | Scroll of Town Portal |
| 43:25 | Scroll of Town Portal |
| 43:54 | Stronghold |
| 44:19 | Scroll of Town Portal |
| 44:19 | Scroll of Town Portal |
| 44:33 | Watch Tower |
| 44:33 | Watch Tower |
| 44:33 | Watch Tower |
| 44:34 | Watch Tower |
| 44:34 | Watch Tower |
| 44:35 | Voodoo Lounge |
| 45:22 | Scroll of Town Portal |
| 45:22 | Scroll of Town Portal |
| 45:44 | Watch Tower |
| 45:44 | Watch Tower |
| 45:45 | Watch Tower |
| 45:45 | Watch Tower |
| 45:45 | Watch Tower |
| 45:47 | Barracks |
| 45:47 | Barracks |
| 45:57 | Wind Walk |
| 46:31 | Tiny Great Hall |
| 46:32 | Scroll of Town Portal |
| 47:09 | Watch Tower |
| 47:09 | Watch Tower |
| 48:22 | Shockwave |
| 49:06 | Peon |
| 49:06 | Peon |
| 49:30 | Scroll of Town Portal |
| 49:31 | Tiny Great Hall |
| 49:47 | Watch Tower |
| 49:47 | Watch Tower |
| 49:47 | Watch Tower |
| 49:48 | Watch Tower |
| 49:48 | Watch Tower |
| 49:49 | Watch Tower |
| 49:49 | Watch Tower |
| 49:50 | Watch Tower |
| 49:50 | Watch Tower |
| 51:16 | Watch Tower |
| 51:16 | Watch Tower |
| 51:16 | Watch Tower |
| 51:17 | Watch Tower |
| 51:17 | Watch Tower |
| 52:54 | Scroll of Town Portal |
| 52:54 | Scroll of Town Portal |
| 53:52 | Scroll of Town Portal |
| 53:58 | Watch Tower |
| 53:59 | Watch Tower |
| 53:59 | Watch Tower |
| 54:00 | Barracks |
| 55:03 | Watch Tower |
| 55:04 | Watch Tower |
| 55:04 | Watch Tower |
| 55:04 | Watch Tower |
| 55:17 | Serpent Ward |
| 55:18 | Shockwave |
| 55:53 | Scroll of Town Portal |
| 56:34 | Serpent Ward |
| 57:07 | Watch Tower |
| 57:07 | Watch Tower |
| 57:07 | Watch Tower |
| 57:08 | Watch Tower |
| 57:08 | Watch Tower |
| 57:20 | Shaman |
| 57:20 | Shaman |
| 57:24 | Great Hall |
| 57:40 | Watch Tower |
| 57:41 | Watch Tower |
| 57:41 | Watch Tower |
| 57:49 | Wind Walk |
| 58:08 | Voodoo Lounge |
| 58:37 | Voodoo Lounge |
| 59:30 | Scroll of Town Portal |
| 59:30 | Scroll of Town Portal |
| 60:06 | Watch Tower |
| 60:06 | Watch Tower |
| 60:07 | Watch Tower |
| 61:15 | Watch Tower |
| 61:16 | Watch Tower |
| 61:17 | Great Hall |
| 61:27 | Peon |
| 62:13 | Watch Tower |
| 62:14 | Watch Tower |
| 62:14 | Watch Tower |
| 62:15 | Watch Tower |
| 62:32 | Watch Tower |
| 62:32 | Watch Tower |
| 62:39 | Scroll of Town Portal |
| 62:39 | Scroll of Town Portal |
| 64:32 | Peon |
| 65:18 | Troll Berserker |
| 65:21 | Tauren |
| 65:25 | Serpent Ward |
| 65:26 | Shockwave |
| 66:05 | Watch Tower |
| 66:06 | Watch Tower |
| 66:06 | Watch Tower |
| 66:06 | Watch Tower |
| 66:06 | Watch Tower |
| 66:52 | Spirit Walker |
| 66:57 | Scroll of Town Portal |
| 66:57 | Scroll of Town Portal |
| 66:57 | Scroll of Town Portal |
| 66:58 | Boots of Speed |
| Select group | 3586 |
| Right click | 3101 |
| Select | 1698 |
| Misc. action | 1439 |
| Chat | 707 |
| Build/train/purchase | 345 |
| Use ability | 282 |
| Assign group | 102 |
| Item give/drop | 21 |
| Esc | 21 |
67 units @ 10.1k
/ 1.9k
96 buildings @ 15k
/ 8.9k


| Healing Salve | 2 | 200 |
| Scroll of Speed | 2 | 100 |
| Lesser Clarity Potion | 4 | 280 |
| Orb of Lightning | 2 | 750 |
| Potion of Healing | 1 | 150 |
| Potion of Mana | 2 | 400 |
| Scroll of Town Portal | 12 | 4200 |
| Potion of Lesser Invulnerability | 1 | 150 |
| total: | 26 | 6230g |
| Peon | 26 | 1950 | / | 0 |
| Troll Batrider | 12 | 1920 | / | 480 |
| Troll Witch Doctor | 7 | 1015 | / | 175 |
| Shaman | 6 | 780 | / | 120 |
| Spirit Walker | 1 | 195 | / | 35 |
| Tauren | 10 | 2800 | / | 800 |
| Wind Rider | 4 | 1060 | / | 160 |
| Goblin Shredder | 1 | 375 | / | 100 |
| total: | 67 | 10095g | / | 1870w |
| Watch Tower | 54 | 5940 | / | 4320 |
| Altar of Storms | 1 | 180 | / | 50 |
| Orc Burrow | 9 | 1440 | / | 360 |
| Voodoo Lounge | 7 | 910 | / | 210 |
| War Mill | 1 | 205 | / | 0 |
| Great Hall | 12 | 4620 | / | 2220 |
| Beastiary | 6 | 870 | / | 840 |
| Spirit Lodge | 2 | 300 | / | 300 |
| Tauren Totem | 4 | 540 | / | 620 |
| Stronghold | 2 | 630 | / | 380 |
| Fortress | 1 | 325 | / | 190 |
| total: | 96 | 15005g | / | 8920w |
| 0:02 | Peon |
| 0:03 | Peon |
| 0:03 | Peon |
| 0:08 | Altar of Storms |
| 0:21 | Orc Burrow |
| 0:28 | Peon |
| 0:43 | Voodoo Lounge |
| 1:00 | Peon |
| 1:17 | Peon |
| 1:34 | Peon |
| 1:42 | War Mill |
| 1:46 | Peon |
| 2:09 | Healing Salve |
| 2:12 | Wind Walk |
| 2:17 | Stronghold |
| 2:26 | Orc Burrow |
| 2:57 | Watch Tower |
| 3:21 | Watch Tower |
| 4:12 | Watch Tower |
| 4:39 | Beastiary |
| 4:43 | Peon |
| 4:43 | Peon |
| 4:49 | Beastiary |
| 5:01 | Peon |
| 5:20 | Watch Tower |
| 5:24 | Peon |
| 5:35 | Critical Strike |
| 6:14 | Fortress |
| 6:19 | Troll Batrider |
| 6:29 | Great Hall |
| 6:35 | Watch Tower |
| 6:55 | Reinforced Defenses |
| 7:20 | Orc Burrow |
| 7:42 | Troll Batrider |
| 8:00 | Watch Tower |
| 8:08 | Troll Batrider |
| 8:23 | Steel Ranged Weapons |
| 8:33 | Healing Salve |
| 8:38 | Liquid Fire |
| 8:43 | Peon |
| 8:43 | Peon |
| 8:43 | Peon |
| 8:48 | Scroll of Speed |
| 8:51 | Lesser Clarity Potion |
| 8:56 | Lesser Clarity Potion |
| 9:02 | Watch Tower |
| 9:12 | Troll Batrider |
| 9:22 | Wind Walk |
| 9:27 | Steel Armor |
| 9:29 | Spirit Lodge |
| 9:55 | Orc Burrow |
| 9:58 | Peon |
| 10:07 | Watch Tower |
| 10:15 | Beastiary |
| 11:13 | Watch Tower |
| 11:23 | Lesser Clarity Potion |
| 11:27 | Witch Doctor Adept Training |
| 11:29 | Shaman Adept Training |
| 11:31 | Spirit Lodge |
| 11:54 | Troll Batrider |
| 12:12 | Troll Batrider |
| 12:26 | Critical Strike |
| 12:38 | Shaman Master Training |
| 12:41 | Peon |
| 12:41 | Peon |
| 12:41 | Peon |
| 13:16 | Great Hall |
| 13:25 | Witch Doctor Master Training |
| 14:23 | Tauren Totem |
| 15:17 | Great Hall |
| 15:21 | Tauren Totem |
| 16:03 | Watch Tower |
| 16:35 | Troll Witch Doctor |
| 16:37 | Spirit Walker Adept Training |
| 17:29 | Pulverize |
| 17:43 | Goblin Shredder |
| 17:50 | Peon |
| 17:50 | Peon |
| 18:00 | Orc Burrow |
| 18:03 | Orc Burrow |
| 18:20 | Watch Tower |
| 18:20 | Watch Tower |
| 18:31 | Shaman |
| 18:31 | Shaman |
| 18:32 | Spirit Walker Master Training |
| 18:42 | Scroll of Town Portal |
| 18:42 | Orb of Lightning |
| 18:50 | Troll Batrider |
| 19:00 | Troll Witch Doctor |
| 19:00 | Troll Witch Doctor |
| 19:22 | Tauren Totem |
| 20:00 | Shaman |
| 20:00 | Troll Witch Doctor |
| 20:17 | Peon |
| 20:17 | Peon |
| 20:46 | Spirit Walker |
| 20:46 | Tauren |
| 20:51 | Steel Melee Weapons |
| 20:55 | Voodoo Lounge |
| 20:58 | Voodoo Lounge |
| 20:59 | Watch Tower |
| 21:00 | Watch Tower |
| 21:20 | Thorium Armor |
| 21:59 | Watch Tower |
| 22:00 | Watch Tower |
| 22:02 | Watch Tower |
| 22:10 | Watch Tower |
| 22:24 | Tauren |
| 22:33 | Watch Tower |
| 23:10 | Great Hall |
| 23:17 | Watch Tower |
| 23:25 | Orc Burrow |
| 25:31 | Wind Walk |
| 27:34 | Tauren |
| 27:34 | Tauren |
| 27:35 | Tauren |
| 27:35 | Tauren |
| 27:48 | Tauren Totem |
| 27:57 | Backpack |
| 28:08 | Orc Burrow |
| 28:11 | Shaman |
| 28:24 | Voodoo Lounge |
| 28:27 | Voodoo Lounge |
| 28:40 | Endurance Aura |
| 29:32 | Watch Tower |
| 29:34 | Watch Tower |
| 29:38 | Watch Tower |
| 29:44 | Peon |
| 29:44 | Peon |
| 29:44 | Peon |
| 30:17 | Voodoo Lounge |
| 30:40 | Watch Tower |
| 30:48 | Watch Tower |
| 30:54 | Watch Tower |
| 31:16 | Thorium Melee Weapons |
| 31:18 | Scroll of Town Portal |
| 31:20 | Potion of Healing |
| 31:25 | Scroll of Speed |
| 31:26 | Orb of Lightning |
| 31:26 | Potion of Mana |
| 31:28 | Potion of Mana |
| 31:40 | Watch Tower |
| 31:43 | Watch Tower |
| 33:23 | Scroll of Town Portal |
| 33:27 | Watch Tower |
| 33:29 | Watch Tower |
| 33:30 | Watch Tower |
| 33:33 | Watch Tower |
| 35:41 | Arcanite Melee Weapons |
| 35:51 | Scroll of Town Portal |
| 36:00 | Troll Witch Doctor |
| 37:27 | War Stomp |
| 37:36 | Scroll of Town Portal |
| 37:45 | Troll Witch Doctor |
| 37:45 | Shaman |
| 37:58 | Scroll of Town Portal |
| 39:08 | Scroll of Town Portal |
| 39:41 | Arcanite Armor |
| 41:58 | Great Hall |
| 41:59 | Watch Tower |
| 42:00 | Watch Tower |
| 42:01 | Watch Tower |
| 42:04 | Voodoo Lounge |
| 42:06 | Watch Tower |
| 42:07 | Watch Tower |
| 42:21 | Tauren |
| 42:21 | Tauren |
| 42:35 | Tauren |
| 42:35 | Tauren |
| 43:50 | Scroll of Town Portal |
| 44:34 | Orc Burrow |
| 44:47 | Watch Tower |
| 44:48 | Watch Tower |
| 45:08 | Troll Batrider |
| 45:27 | Endurance Aura |
| 45:50 | Scroll of Town Portal |
| 46:28 | Watch Tower |
| 46:29 | Watch Tower |
| 46:31 | Watch Tower |
| 46:32 | Watch Tower |
| 46:38 | Watch Tower |
| 47:53 | Scroll of Town Portal |
| 48:13 | Watch Tower |
| 48:31 | Watch Tower |
| 48:34 | Watch Tower |
| 48:35 | Watch Tower |
| 49:25 | Potion of Lesser Invulnerability |
| 49:30 | Watch Tower |
| 50:51 | Watch Tower |
| 51:16 | Beastiary |
| 52:07 | Beastiary |
| 52:29 | Watch Tower |
| 52:38 | Troll Batrider |
| 52:38 | Troll Batrider |
| 52:38 | Troll Batrider |
| 52:39 | Envenomed Spears |
| 53:16 | Wind Rider |
| 53:22 | Beastiary |
| 53:30 | Troll Witch Doctor |
| 53:31 | Shaman |
| 53:53 | Scroll of Town Portal |
| 53:58 | Troll Batrider |
| 55:21 | Great Hall |
| 55:49 | Great Hall |
| 55:51 | Watch Tower |
| 56:15 | Great Hall |
| 56:16 | Watch Tower |
| 56:19 | Great Hall |
| 56:46 | Scroll of Town Portal |
| 56:47 | Lesser Clarity Potion |
| 56:54 | Watch Tower |
| 57:07 | Wind Rider |
| 57:07 | Wind Rider |
| 57:07 | Wind Rider |
| 59:22 | Great Hall |
| 61:47 | Great Hall |
| 62:01 | Great Hall |
| 63:37 | Bladestorm |
| Right click | 4630 |
| Select group | 2261 |
| Select | 1517 |
| Build/train/purchase | 302 |
| Use ability | 143 |
| Chat | 97 |
| Misc. action | 90 |
| Assign group | 76 |
| Esc | 27 |
| Minimap ping | 4 |
| Item give/drop | 3 |